TOP OF THE 1ST |
Pittsburgh Pirates batting - Pitching for Chicago Cubs : RHP Andrew Cashner
|
Pitching: RHP Andrew Cashner
|
|
Batting: RHB Carlos Gomez
|
0-0: Ball 1-0: Called Strike 1-1: SINGLE (Flyball, 9LS)
|
Batting: RHB Brian Dozier
|
0-0: Called Strike 0-1: Foul Ball, location: 2F 0-2: Ball 1-2: Ball Carlos Gomez steals 2nd base 2-2: SINGLE (Groundball, 6D) Carlos Gomez to third Runner from 3rd tries for Home, SAFE, throw by CF to home
|
Batting: RHB Carlos Correa
|
0-0: Ball 1-0: Called Strike 1-1: 2-RUN HOME RUN (Flyball, 9D), Distance : 373 ft
|
Batting: LHB Jake Lamb
|
0-0: Ball 1-0: Called Strike 1-1: SINGLE (Line Drive, 8RS)
|
Batting: RHB Ryan Zimmerman
|
0-0: Called Strike 0-1: Ball 1-1: Grounds into double play, 6-4-3 (Groundball, 6)
|
Batting: LHB Jay Bruce
|
0-0: Called Strike 0-1: Ball 1-1: SINGLE (Line Drive, 89S)
|
Batting: LHB Brad Miller
|
0-0: Swinging Strike 0-1: Called Strike 0-2: Strikes out looking
|
Top of the 1st over - 3 runs, 5 hits, 0 errors, 1 left on base; Pittsburgh 3 - Chicago 0 |
BOTTOM OF THE 1ST |
Chicago Cubs batting - Pitching for Pittsburgh Pirates : RHP Tyson Ross
|
Pitching: RHP Tyson Ross
|
|
Batting: SHB Yoan Moncada
|
0-0: Ball 1-0: Ball 2-0: Fly out, F9 (Flyball, 9LM)
|
Batting: RHB Paul DeJong
|
0-0: Called Strike 0-1: Called Strike 0-2: Ball 1-2: Ball 2-2: Foul Ball, location: 2F 2-2: SINGLE (Flyball, 7S)
|
Batting: RHB Willson Contreras
|
0-0: Called Strike 0-1: Foul Ball, location: 2F 0-2: Ball 1-2: Foul Ball, location: 2F 1-2: Strikes out swinging
|
Batting: RHB Justin Upton
|
0-0: Ball 1-0: Called Strike 1-1: Swinging Strike 1-2: Fly out, F8 (Flyball, 8RD)
|
Bottom of the 1st over - 0 runs, 1 hit, 0 errors, 1 left on base; Pittsburgh 3 - Chicago 0 |
TOP OF THE 2ND |
Pittsburgh Pirates batting - Pitching for Chicago Cubs : RHP Andrew Cashner
|
Batting: RHB Manny Pina
|
0-0: Ball 1-0: Ball 2-0: Ball 3-0: Base on Balls
|
Batting: RHB Tyson Ross
|
0-0: Bunt missed! 0-1: Sac Bunt to 15S - play at first, batter OUT! 1-4 Manny Pina to second
|
Batting: RHB Carlos Gomez
|
0-0: Foul Ball, location: 2F 0-1: Ground out 1-3 (Groundball, 15S)
|
Batting: RHB Brian Dozier
|
0-0: Ball 1-0: Ball 2-0: Fly out, F8 (Line Drive, 8LD)
|
Top of the 2nd over - 0 runs, 0 hits, 0 errors, 1 left on base; Pittsburgh 3 - Chicago 0 |
BOTTOM OF THE 2ND |
Chicago Cubs batting - Pitching for Pittsburgh Pirates : RHP Tyson Ross
|
Batting: LHB Cody Bellinger
|
0-0: Ball 1-0: Foul Ball, location: 2F 1-1: Ball 2-1: Ground out 4-3 (Groundball, 4)
|
Batting: RHB Stephen Piscotty
|
0-0: Called Strike 0-1: Called Strike 0-2: Foul Ball, location: 2F 0-2: Fly out, F9 (Flyball, 9S)
|
Batting: RHB Zack Cozart
|
0-0: Ball 1-0: Fly out, F8 (Flyball, 78M)
|
Bottom of the 2nd over - 0 runs, 0 hits, 0 errors, 0 left on base; Pittsburgh 3 - Chicago 0 |
TOP OF THE 3RD |
Pittsburgh Pirates batting - Pitching for Chicago Cubs : RHP Andrew Cashner
|
Batting: RHB Carlos Correa
|
0-0: SINGLE (Line Drive, 4D)
|
Batting: LHB Jake Lamb
|
0-0: Grounds into double play, 4-5-3 (Groundball, 4)
|
Batting: RHB Ryan Zimmerman
|
0-0: Called Strike 0-1: Fly out, F7 (Flyball, 78S)
|
Top of the 3rd over - 0 runs, 1 hit, 0 errors, 0 left on base; Pittsburgh 3 - Chicago 0 |
BOTTOM OF THE 3RD |
Chicago Cubs batting - Pitching for Pittsburgh Pirates : RHP Tyson Ross
|
Batting: RHB Rajai Davis
|
0-0: Foul Ball, location: 2F 0-1: Hit by Pitch
|
Batting: RHB Andrew Cashner
|
0-0: Sac Bunt to 5S - play at first, batter OUT! 5-4 Rajai Davis to second
|
Batting: SHB Yoan Moncada
|
0-0: Ball 1-0: Ball 2-0: Foul Ball, location: 2F 2-1: Foul Ball, location: 2F 2-2: Ball 3-2: 2-RUN HOME RUN (Flyball, 9D), Distance : 373 ft
|
Batting: RHB Paul DeJong
|
0-0: Foul Ball, location: 2F 0-1: Ball 1-1: Foul Ball, location: 2F 1-2: Foul Ball, location: 2F 1-2: Strikes out swinging
|
Batting: RHB Willson Contreras
|
0-0: Foul Ball, location: 2F 0-1: Ball 1-1: Foul Ball, location: 2F 1-2: Ground out 6-3 (Groundball, 4MS)
|
Bottom of the 3rd over - 2 runs, 1 hit, 0 errors, 0 left on base; Pittsburgh 3 - Chicago 2 |
TOP OF THE 4TH |
Pittsburgh Pirates batting - Pitching for Chicago Cubs : RHP Andrew Cashner
|
Batting: LHB Jay Bruce
|
0-0: Ball 1-0: Foul Ball, location: 2F 1-1: Ball 2-1: Ball 3-1: Base on Balls
|
Batting: LHB Brad Miller
|
0-0: Ball 1-0: Ball 2-0: Foul Ball, location: 2F 2-1: Ball 3-1: Foul Ball, location: 2F 3-2: 2-RUN HOME RUN (Flyball, 8LXD), Distance : 416 ft
|
Batting: RHB Manny Pina
|
0-0: Called Strike 0-1: Ball 1-1: Ball 2-1: Called Strike 2-2: Ground out 5-3 (Groundball, 56)
|
Batting: RHB Tyson Ross
|
0-0: Ball 1-0: Swinging Strike 1-1: Swinging Strike 1-2: Ball 2-2: Strikes out swinging
|
Batting: RHB Carlos Gomez
|
0-0: Called Strike 0-1: Ball 1-1: Ground out 4-3 (Groundball, 4M)
|
Top of the 4th over - 2 runs, 1 hit, 0 errors, 0 left on base; Pittsburgh 5 - Chicago 2 |
BOTTOM OF THE 4TH |
Chicago Cubs batting - Pitching for Pittsburgh Pirates : RHP Tyson Ross
|
Batting: RHB Justin Upton
|
0-0: Called Strike 0-1: Foul Ball, location: 2F 0-2: Ball 1-2: Strikes out swinging
|
Batting: LHB Cody Bellinger
|
0-0: Foul Ball, location: 2F 0-1: Ball 1-1: Ball 2-1: Ball 3-1: Base on Balls
|
Batting: RHB Stephen Piscotty
|
0-0: Ball 1-0: Ball Wild Pitch! Cody Bellinger to second 2-0: Ball 3-0: Called Strike 3-1: Base on Balls
|
Batting: RHB Zack Cozart
|
0-0: Fly out, F8 (Flyball, 8LM)
|
Batting: RHB Rajai Davis
|
0-0: Called Strike 0-1: Foul Ball, location: 2F 0-2: Ball 1-2: Ball 2-2: Ball 3-2: Base on Balls Cody Bellinger to third Stephen Piscotty to second
|
Batting: RHB Andrew Cashner
|
0-0: Fly out, F8 (Line Drive, 8RD)
|
Bottom of the 4th over - 0 runs, 0 hits, 0 errors, 3 left on base; Pittsburgh 5 - Chicago 2 |
TOP OF THE 5TH |
Pittsburgh Pirates batting - Pitching for Chicago Cubs : RHP Andrew Cashner
|
Batting: RHB Brian Dozier
|
0-0: Called Strike 0-1: Ball 1-1: Swinging Strike 1-2: Strikes out looking
|
Batting: RHB Carlos Correa
|
0-0: Called Strike 0-1: Ball 1-1: Called Strike 1-2: Ball 2-2: Strikes out swinging, 2-3 out at first.
|
Batting: LHB Jake Lamb
|
0-0: Called Strike 0-1: Swinging Strike 0-2: Ball 1-2: Ball 2-2: Ball 3-2: SINGLE (Line Drive, 34D)
|
Batting: RHB Ryan Zimmerman
|
0-0: Ball 1-0: SINGLE (Groundball, 56) Jake Lamb to second
|
Batting: LHB Jay Bruce
|
0-0: Called Strike 0-1: Foul Ball, location: 2F 0-2: Strikes out swinging
|
Top of the 5th over - 0 runs, 2 hits, 0 errors, 2 left on base; Pittsburgh 5 - Chicago 2 |
BOTTOM OF THE 5TH |
Chicago Cubs batting - Pitching for Pittsburgh Pirates : RHP Tyson Ross
|
Batting: SHB Yoan Moncada
|
0-0: SINGLE (Groundball, 4MD)
|
Batting: RHB Paul DeJong
|
0-0: Ball 1-0: Ball Yoan Moncada steals 2nd base 2-0: Called Strike 2-1: Foul Ball, location: 2F 2-2: Ball 3-2: Base on Balls
|
Batting: RHB Willson Contreras
|
0-0: Foul Ball, location: 2F 0-1: Called Strike 0-2: Ball 1-2: Fly out, F8 (Flyball, 8RD)
|
Batting: RHB Justin Upton
|
0-0: Ball 1-0: Called Strike 1-1: Ball 2-1: Ball 3-1: Foul Ball, location: 2F 3-2: Base on Balls Yoan Moncada to third Paul DeJong to second
|
Batting: LHB Cody Bellinger
|
0-0: Ball 1-0: Foul Ball, location: 2F 1-1: Foul Ball, location: 2F 1-2: Strikes out swinging
|
Batting: RHB Stephen Piscotty
|
0-0: Ball 1-0: Fly out, F9 (Flyball, 89D)
|
Bottom of the 5th over - 0 runs, 1 hit, 0 errors, 3 left on base; Pittsburgh 5 - Chicago 2 |
TOP OF THE 6TH |
Pittsburgh Pirates batting - Pitching for Chicago Cubs : RHP Andrew Cashner
|
Pitching: LHP Tony Cingrani
|
|
Batting: LHB Brad Miller
|
0-0: Called Strike 0-1: Ball 1-1: Called Strike 1-2: Strikes out swinging
|
Batting: RHB Manny Pina
|
0-0: Called Strike 0-1: Swinging Strike 0-2: Ball 1-2: Ball 2-2: Fly out, F8 (Flyball, 78D)
|
Pinch Hitting: RHB Byron Buxton
|
0-0: Swinging Strike 0-1: Swinging Strike 0-2: Fly out, F7 (Flyball, 7D)
|
Top of the 6th over - 0 runs, 0 hits, 0 errors, 0 left on base; Pittsburgh 5 - Chicago 2 |
BOTTOM OF THE 6TH |
Chicago Cubs batting - Pitching for Pittsburgh Pirates : RHP Tyson Ross
|
Pitching: RHP Addison Reed
|
|
Batting: RHB Zack Cozart
|
0-0: Ground out 6-3 (Groundball, 56)
|
Batting: RHB Rajai Davis
|
0-0: Ground out 1-3 (Groundball, 13)
|
Pinch Hitting: RHB Jedd Gyorko
|
0-0: Called Strike 0-1: Ball 1-1: Swinging Strike 1-2: Foul Ball, location: 2F 1-2: SINGLE (Groundball, 5D)
|
Batting: SHB Yoan Moncada
|
0-0: Ball 1-0: Ball 2-0: Called Strike 2-1: DOUBLE (Line Drive, 9LS) Jedd Gyorko to third Runner from 3rd tries for Home, SAFE, throw by RF to home
|
Batting: RHB Paul DeJong
|
0-0: Ball 1-0: Called Strike 1-1: Swinging Strike 1-2: Foul Ball, location: 2F 1-2: Ball 2-2: Foul Ball, location: 2F 2-2: Foul Ball, location: 2F 2-2: Ball 3-2: Ground out 6-3 (Groundball, 6)
|
Bottom of the 6th over - 1 run, 2 hits, 0 errors, 1 left on base; Pittsburgh 5 - Chicago 3 |
TOP OF THE 7TH |
Pittsburgh Pirates batting - Pitching for Chicago Cubs : LHP Tony Cingrani
|
Pitching: RHP David Phelps
|
|
Batting: RHB Carlos Gomez
|
0-0: Ball 1-0: Foul Ball, location: 2F 1-1: Ball 2-1: Ball 3-1: Ground out 1-3 (Groundball, 34S)
|
Batting: RHB Brian Dozier
|
0-0: Called Strike 0-1: Foul Ball, location: 2F 0-2: Strikes out looking
|
Batting: RHB Carlos Correa
|
0-0: Fly out, F6 (Line Drive, 6)
|
Top of the 7th over - 0 runs, 0 hits, 0 errors, 0 left on base; Pittsburgh 5 - Chicago 3 |
BOTTOM OF THE 7TH |
Chicago Cubs batting - Pitching for Pittsburgh Pirates : RHP Addison Reed
|
Pitching: RHP Seranthony Dominguez
|
|
Batting: RHB Willson Contreras
|
0-0: Ball 1-0: Ball 2-0: Ball 3-0: Ground out 6-3 (Groundball, 6)
|
Batting: RHB Justin Upton
|
0-0: SINGLE (Groundball, 6D)
|
Pitching: LHP Taylor Rogers
|
|
Batting: LHB Cody Bellinger
|
0-0: Foul Ball, location: 2F 0-1: Swinging Strike 0-2: Strikes out looking
|
Pitching: RHP Ryan Pressly
|
|
Batting: RHB Stephen Piscotty
|
0-0: Ball 1-0: Swinging Strike 1-1: Ball 2-1: Foul Ball, location: 2F 2-2: SINGLE (Groundball, 4M) Justin Upton to second Runner from 2nd tries for 3rd, SAFE, no throw by CF
|
Batting: RHB Zack Cozart
|
0-0: Swinging Strike 0-1: Ball 1-1: Foul Ball, location: 2F 1-2: Ball 2-2: Ball 3-2: Strikes out swinging
|
Bottom of the 7th over - 0 runs, 2 hits, 0 errors, 2 left on base; Pittsburgh 5 - Chicago 3 |
TOP OF THE 8TH |
Pittsburgh Pirates batting - Pitching for Chicago Cubs : RHP David Phelps
|
Pitching: RHP Giovanny Gallegos
|
|
Batting: LHB Jake Lamb
|
0-0: Ball 1-0: Ball 2-0: Foul Ball, location: 2F 2-1: Foul Ball, location: 2F 2-2: Strikes out swinging
|
Batting: RHB Ryan Zimmerman
|
0-0: Ball 1-0: Ball 2-0: DOUBLE (Line Drive, 7LM)
|
Batting: LHB Jay Bruce
|
0-0: Foul Ball, location: 2F 0-1: Ball 1-1: Foul Ball, location: 2F 1-2: 2-RUN HOME RUN (Flyball, 78XD), Distance : 407 ft
|
Pitching: LHP Marc Rzepczynski
|
|
Batting: LHB Brad Miller
|
0-0: Foul Ball, location: 2F 0-1: Ball 1-1: Swinging Strike 1-2: Ball 2-2: Ball 3-2: Strikes out looking
|
Batting: RHB Manny Pina
|
0-0: Called Strike 0-1: Ball 1-1: Ball 2-1: Ground out 6-3 (Groundball, 6S)
|
Top of the 8th over - 2 runs, 2 hits, 0 errors, 0 left on base; Pittsburgh 7 - Chicago 3 |
BOTTOM OF THE 8TH |
Chicago Cubs batting - Pitching for Pittsburgh Pirates : RHP Ryan Pressly
|
Batting: RHB Rajai Davis
|
0-0: Ball 1-0: Foul Ball, location: 2F 1-1: Swinging Strike 1-2: Ball 2-2: Ball 3-2: Strikes out swinging
|
Pinch Hitting: LHB Jason Castro
|
0-0: Called Strike 0-1: Ball 1-1: Swinging Strike 1-2: Ground out 4-3 (Groundball, 4)
|
Batting: SHB Yoan Moncada
|
0-0: Called Strike 0-1: Ball 1-1: Fly out, F9 (Line Drive, 9)
|
Bottom of the 8th over - 0 runs, 0 hits, 0 errors, 0 left on base; Pittsburgh 7 - Chicago 3 |
TOP OF THE 9TH |
Pittsburgh Pirates batting - Pitching for Chicago Cubs : LHP Marc Rzepczynski
|
Pitching: RHP Carter Capps
|
|
Pinch Hitting: RHB Mark Canha
|
0-0: Ball 1-0: Foul Ball, location: 2F 1-1: Fly out, F7 (Flyball, 7LS)
|
Batting: RHB Carlos Gomez
|
0-0: Ball 1-0: Foul Ball, location: 2F 1-1: Ball 2-1: Called Strike 2-2: Foul Ball, location: 2F 2-2: Strikes out swinging
|
Batting: RHB Brian Dozier
|
0-0: Called Strike 0-1: Ball 1-1: Ball 2-1: Ball 3-1: Base on Balls
|
Batting: RHB Carlos Correa
|
0-0: Ball 1-0: Ball 2-0: Foul Ball, location: 2F 2-1: Swinging Strike 2-2: Foul Ball, location: 2F 2-2: Strikes out swinging
|
Top of the 9th over - 0 runs, 0 hits, 0 errors, 1 left on base; Pittsburgh 7 - Chicago 3 |
BOTTOM OF THE 9TH |
Chicago Cubs batting - Pitching for Pittsburgh Pirates : RHP Ryan Pressly
|
Pitching: RHP Matt Bush
|
|
Batting: RHB Paul DeJong
|
0-0: Ball 1-0: Ball 2-0: Ball 3-0: Called Strike 3-1: Swinging Strike 3-2: Foul Ball, location: 2F 3-2: Foul Ball, location: 2F 3-2: Strikes out swinging
|
Batting: RHB Willson Contreras
|
0-0: Ball 1-0: Swinging Strike 1-1: Foul Ball, location: 2F 1-2: Fly out, F9 (Flyball, 89XD)
|
Batting: RHB Justin Upton
|
0-0: Swinging Strike 0-1: Called Strike 0-2: Ball 1-2: Foul Ball, location: 2F 1-2: Strikes out looking
|
Bottom of the 9th over - 0 runs, 0 hits, 0 errors, 0 left on base; Pittsburgh 7 - Chicago 3 |
|